 Dungeon Crawl Stone Soup version 0.31-a0-182-gc5ef74bbde (webtiles) character file.

Game seed: 9565644730578738315

166 qw the Chopper (level 5, -4/32 HPs)
             Began as a Gargoyle Fighter on June 21, 2023.
             Slain by a gnoll
             ... wielding a +0 spear
              (8 damage)
             ... on level 3 of the Dungeon.
             The game lasted 00:01:16 (2062 turns).

qw the Chopper (Gargoyle Fighter)                   Turns: 2062, Time: 00:01:16

Health: -4/32      AC: 11    Str: 21    XL:     5   Next: 47%
Magic:  5/5        EV:  9    Int:  9    God:
Gold:   127        SH:  9    Dex:  9    Spells: 4/4 levels left

rFire   . . .        Y - +1 war axe
rCold   . . .        c - +0 buckler
rNeg    + . .        b - +0 scale mail
rPois   inf          l - +1 hat
rElec   +            (no cloak)
rCorr   +            (no gloves)
SInv    .            (no boots)
Will    +....        j - amulet "Yqoihaw" {Reflect rCorr SH+5} Stlth
                     o - ring of willpower
HPRegen 0.25/turn    (no ring)
MPRegen 0.09/turn

%: reflection
@: no status effects
A: sickness immunity, AC +4, negative energy resistance 1, electricity
resistance, torment resistance 1, petrification resistance
a: no special abilities


You were on level 3 of the Dungeon.
You visited 1 branch of the dungeon, and saw 3 of its levels.

You collected 127 gold pieces.


Innate Abilities, Weirdness & Mutations

You are immune to sickness and miasma.
Your stone body is resilient. (AC +4)
You are immune to poison.
You resist negative energy. (rN+)
You are resistant to electric shocks. (rElec)
You are resistant to unholy torment.
You are immune to petrification.


   Skills:
 + Level 3.2 Fighting
 - Level 5.0 Axes
 - Level 3.2 Armour
 - Level 3.2 Shields


You had 4 spell levels left.
You didn't know any spells.
Your spell library was empty.

Inventory:

Hand Weapons
 h - a +0 mace
 Y - a +1 war axe (weapon)
Armour
 b - a +0 scale mail (worn)
 c - a +0 buckler (worn)
 l - a +1 hat (worn)
 m - a +0 cloak
Jewellery
 f - the ring "Vokk" {Fire Int+3}
   (You acquired it on level 1 of the Dungeon)

   [ring of fire]

   It enhances your fire magic.
   Int:       It affects your intelligence (+3).
   rF:        It protects you from fire.
   rC:        It makes you vulnerable to cold.
 j - the amulet "Yqoihaw" (around neck) {Reflect rCorr SH+5}
   (You acquired it on level 1 of the Dungeon)

   [amulet of reflection]

   It reflects blocked missile attacks.
   rCorr:     It protects you from acid and corrosion.
   SH:        It affects your SH (+5).
 o - a ring of willpower (left hand)
Scrolls
 a - 2 scrolls of identify
Potions
 d - 4 potions of might
 e - a potion of attraction {unknown}
 g - a potion of curing
 i - a potion of ambrosia {unknown}
 k - a potion of magic {unknown}
 p - a potion of lignification {unknown}
 q - a potion of mutation {unknown}

Dungeon Overview and Level Annotations

Branches:
Dungeon (3/15)

Altars:

Shops:
D:1 =

Annotations:
D:3 2 runed translucent doors, qw's ghost, amateur NaHu


Message History

You closely miss the gnoll.
The gnoll is heavily wounded.
The gnoll closely misses you. You block the gnoll's attack.
The gnoll hits you from afar with a +0 spear.
The gnoll barely misses you.
You barely miss the gnoll.
The gnoll is heavily wounded.
You block the gnoll's attack. The gnoll hits you but does no damage.
You barely miss the gnoll.
The gnoll is heavily wounded.
You block the gnoll's attack. The gnoll hits you with a +0 whip.
You closely miss the gnoll.
The gnoll is heavily wounded.
You block the gnoll's attack. The gnoll barely misses you.
You slash the gnoll!
You kill the gnoll!
You block the gnoll's attack.
The gnoll hits you but does no damage. x3
Your Axes skill increases to level 5!
You block the gnoll's attack.
Things that are here:
a +0 whip; a gnoll corpse
Enter note:
Enter note:
Enter note:
Enter note:
Enter note:
Enter note: You hit the gnoll.
The gnoll is lightly wounded.
The gnoll hits you from afar with a +0 spear.
The gnoll barely misses you.
You barely miss the gnoll.
The gnoll is lightly wounded.
The gnoll hits you from afar with a +0 spear.
The gnoll hits you with a +0 spear.
You slash the gnoll!
The gnoll is almost dead.
The gnoll barely misses you. The gnoll hits you but does no damage.
The gnoll hits you from afar with a +0 spear!
You die...

#.## ########.#
######.....)).#
#..........####
#.##.#.#....####
#.##.#....#.....
######.##.#.#....####
#.g..............####
#.##@..........#.....
# #g#########....###
#.# ..###...... #.#
¤¤¤......## #.#
¤~¤........ ..#
~¤......... #.#
~~......... #.#
¤...#.....#
..#>#..%..#


You could see 2 gnolls.

Vanquished Creatures
  A jelly (D:2)
  A sleepcap (D:2)
  2 gnolls (D:3)
  An adder (D:2)
  2 worms
  2 dart slugs
  An orc (D:3)
  5 bats
  6 endoplasms
  A giant cockroach (D:1)
  8 goblins
  7 hobgoblins
  6 quokkas
  7 ball pythons
  2 frilled lizards
  8 kobolds
  9 rats
69 creatures vanquished.

Notes
Turn   | Place    | Note
-------+----------+-------------------------------------------
     0 | D:1      | qw the Gargoyle Fighter began the quest for the Orb.
     0 | D:1      | Reached XP level 1. HP: 14/14 MP: 1/1
     0 | D:1      | 0 ||| qw: Version: 0.3-a-9-g12657ce
     0 | D:1      | 0 ||| qw: Game counter: 1616
     0 | D:1      | 0 ||| qw: Always use a shield: true
     0 | D:1      | 0 ||| qw: God list: Okawaru
     0 | D:1      | 0 ||| qw: Allow faded altars: false
     0 | D:1      | 0 ||| qw: Do Orc after D:15 true
     0 | D:1      | 0 ||| qw: Do second Lair branch before Depths: true
     0 | D:1      | 0 ||| qw: Lair rune preference: random
     0 | D:1      | 0 ||| qw: Plans: Normal, Zot:1-4, Slime:5, God:TSO, Crypt,
                  | Tomb, Abyss, Pan, Hells, Win
     0 | D:1      | 0 ||| PLANNING D:1-11
    42 | D:1      | Reached skill level 2 in Axes
   102 | D:1      | Found Rutwilur's Jewellery Boutique.
   108 | D:1      | 108 ||| SHOPLISTING +4 ring of slaying (1092 gold, have
                  | 16).
   108 | D:1      | 108 ||| SHOPLISTING +6 ring of dexterity (504 gold, have
                  | 16).
   108 | D:1      | 108 ||| SHOPLISTING amulet of reflection (420 gold, have
                  | 16).
   108 | D:1      | 108 ||| SHOPLISTING ring "Xuniro" {Fly rPois rC+ SInv
                  | Stlth-} (544 gold, have 16).
   108 | D:1      | 108 ||| SHOPLISTING ring of positive energy (280 gold, have
                  | 16).
   108 | D:1      | 108 ||| SHOPLISTING ring of protection from fire (350 gold,
                  | have 16).
   108 | D:1      | 108 ||| SHOPLISTING ring of willpower (350 gold, have 16).
   120 | D:1      | 120 ||| Stepping ~*~*~tactically~*~*~ (stealth).
   167 | D:1      | Reached XP level 2. HP: 19/19 MP: 2/2
   403 | D:1      | 403 ||| DROPPING +0 club.
   616 | D:1      | Reached skill level 3 in Axes
   661 | D:1      | Reached XP level 3. HP: 23/23 MP: 3/3
   865 | D:1      | 865 ||| UPGRADING to amulet of guardian spirit.
   870 | D:1      | 870 ||| READING 3 scrolls labelled HOX EPOZIYRPHUX.
   871 | D:1      | 871 ||| READING 3 scrolls labelled MIYLOEK RARGH.
   871 | D:1      | Identified 3 scrolls of acquirement
   871 | D:1      | 871 ||| ACQUIRING ring "Vokk" {Fire Int+3}
   871 | D:1      | Acquired the ring "Vokk" {Fire Int+3}
   873 | D:1      | 873 ||| READING 2 scrolls of acquirement.
   873 | D:1      | 873 ||| ACQUIRING +1 hat
   873 | D:1      | Acquired a +1 hat
   875 | D:1      | 875 ||| UPGRADING to +1 hat.
   880 | D:1      | 880 ||| READING scroll of acquirement.
   880 | D:1      | 880 ||| ACQUIRING amulet "Yqoihaw" {Reflect rCorr SH+5}
   880 | D:1      | Acquired the amulet "Yqoihaw" {Reflect rCorr SH+5}
   882 | D:1      | 882 ||| UPGRADING to amulet "Yqoihaw" {Reflect rCorr SH+5}.
   892 | D:1      | 892 ||| DROPPING amulet of guardian spirit.
   893 | D:1      | 893 ||| READING scroll labelled REXKAE OP REFF.
   894 | D:1      | 894 ||| READING 2 scrolls of identify.
   894 | D:1      | 894 ||| IDENTIFYING emerald potion
   983 | D:2      | Reached XP level 4. HP: 22/28 MP: 4/4
  1088 | D:2      | Reached skill level 4 in Axes
  1401 | D:2      | Reached XP level 5. HP: 32/32 MP: 5/5
  1423 | D:2      | 1423 ||| DROPPING ring of magical power.
  1424 | D:2      | 1424 ||| UPGRADING to ring of willpower.
  1425 | D:2      | 1425 ||| READING scroll labelled CUOZIPEURI.
  1426 | D:2      | 1426 ||| READING scroll labelled JOGUEPN FOWUIM.
  1427 | D:2      | 1427 ||| READING 2 scrolls of identify.
  1427 | D:2      | 1427 ||| IDENTIFYING green potion
  1428 | D:2      | 1428 ||| DROPPING potion of invisibility.
  1567 | D:3      | 1567 ||| Stepping ~*~*~tactically~*~*~ (stealth).
  1718 | D:3      | Found a runed translucent door.
  1719 | D:3      | Noticed qw's ghost (amateur NaHu)
  1791 | D:3      | Found a runed translucent door.
  1868 | D:3      | 1868 ||| Stepping ~*~*~tactically~*~*~ (hiding).
  2059 | D:3      | Reached skill level 5 in Axes
  2061 | D:3      | HP: 4/32 [gnoll/+0 spear (5)]
  2062 | D:3      | Slain by a gnoll

Levels and vault maps discovered:
D:1:      minmay_arrival_hallway, layout_basic, serial_shops, shop
D:2:      layout_rooms, feat_on_display
D:3:      layout_loops_ring, hellmonk_ecumenical_altar_slurped_away,
          serial_shops, nicolae_lakefront_shop, ebering_ghost_sewer_f,
          minmay_quantized

Skill      XL: |  1  2  3  4  5 |
---------------+----------------+-----
Axes           | 2 3 4 5 |  5.0
Fighting       | |  3.2
Armour         | |  3.2
Shields        | |  3.2

Action                     |  1- 3 |  4- 6 || total
---------------------------+-------+-------++-------
  Melee: War axe           |    63 |   131 ||   194
    Use: Scroll            |     6 |     3 ||     9
 Armour: Scale mail        |    30 |    45 ||    75
  Dodge: Dodged            |    20 |    37 ||    57
  Block: Buckler           |    14 |    56 ||    70
         Reflection        |     1 |     3 ||     4

Table legend:
 A = Non-vault XP
 B = Vault XP
 C = Vault XP percentage of total XP
 D = Non-vault monster count
 E = Vault monster count
 F = Vault count percentage of total count
                 A         B        C        D         E       F
            +---------+---------+-------+---------+---------+-------
      Total |     237 |       1 |   0.4 |      68 |       1 |   1.4
            +---------+---------+-------+---------+---------+-------
        D:1 |      35 |       0 |   0.0 |      23 |       0 |   0.0
        D:2 |     133 |       0 |   0.0 |      24 |       0 |   0.0
        D:3 |      69 |       1 |   1.4 |      21 |       1 |   4.5
            +---------+---------+-------+---------+---------+-------
